 Dungeon Crawl Stone Soup version 0.26.1-2-gb8aa6d0cf2 (webtiles) character file.

Game seed: 3405248994669646244

3532 Gadfly the Basher (level 10, -6/94 HPs)
             Began as an Ogre Monk on Feb 11, 2021.
             Was a High Priest of Okawaru.
             Mangled by a troll (12 damage)
             ... on level 7 of the Dungeon.
             The game lasted 00:14:59 (10057 turns).

Gadfly the Basher (Ogre Monk)                      Turns: 10057, Time: 00:15:00

Health: -6/94      AC:  6    Str: 22    XL:     10   Next: 8%
Magic:  11/13      EV: 14    Int: 11    God:    Okawaru [*****.]
Gold:   146        SH:  0    Dex: 14    Spells: 9/9 levels left

rFire    x . .     SeeInvis .   a - +8 whip of Kasyzet {holy, rF- Str+2 Dex+3}
rCold    . . .     Faith    .   (no shield)
rNeg     + . .     Spirit   .   p - +0 robe (curse)
rPois    .         Reflect  .   (helmet restricted)
rElec    .         Harm     .   c - +1 cloak
rCorr    .         Rampage  .   (gloves unavailable)
Will     +....                  (boots unavailable)
Stlth    +++.......             (no amulet)
HPRegen  0.25/turn              (no ring)
MPRegen  0.13/turn              o - ring of positive energy

@: heroism
A: large, unfitting armour, tough skin 1
a: Renounce Religion, Heroism, Finesse


You were on level 7 of the Dungeon.
You worshipped Okawaru.
Okawaru was extremely pleased with you.
You visited 1 branch of the dungeon, and saw 7 of its levels.

You collected 349 gold pieces.
You spent 203 gold pieces at shops.

Inventory:

Hand Weapons
 a - the +8 whip of Kasyzet (weapon) {holy, rF- Str+2 Dex+3}
   (You took it off an orc on level 4 of the Dungeon)

   It has been blessed by the Shining One to cause great damage to the undead
   and demons.
   It affects your strength (+2).
   It affects your dexterity (+3).
   It makes you vulnerable to fire.
 b - a +0 vorpal flail
 d - a +3 hand axe
 g - a +0 flail
 u - a +8 morningstar
Missiles
 i - 7 boomerangs (quivered)
Armour
 c - a +1 cloak (worn)
 p - a cursed +0 robe (worn)
Jewellery
 o - a ring of positive energy (right hand)
 s - an uncursed ring of fire
Wands
 k - a wand of random effects (13)
Scrolls
 e - 6 scrolls of teleportation
 f - a scroll of blinking
 h - 2 scrolls of enchant weapon
 l - a scroll of summoning
 m - 4 scrolls of identify
 t - 2 scrolls of remove curse
Potions
 j - a potion of might
 n - a potion of mutation
 q - a potion of curing
 r - 2 potions of lignification


   Skills:
 + Level 4.6(9.6) Fighting
 + Level 8.2(13.2) Maces & Flails
 + Level 6.2(11.2) Throwing
 * Level 4.4(9.4) Armour
 - Level 2.6(7.6) Dodging
 - Level 1.4(6.4) Stealth
 + Level 5.3 Invocations
 * Level 4.2 Evocations


You had 9 spell levels left.
You didn't know any spells.
Your spell library contained the following spells:

 Spells                   Type           Power        Failure   Level
 Apportation              Tloc           0%           34%         1
 Beastly Appendage        Tmut           0%           34%         1
 Freeze                   Ice            0%           34%         1
 Magic Dart               Conj           0%           34%         1
 Blink                    Tloc           N/A          47%         2
 Call Imp                 Summ           0%           47%         2
 Slow                     Hex            0%           47%         2
 Confusing Touch          Hex            0%           71%         3
 Conjure Flame            Conj/Fire      0%           71%         3
 Frozen Ramparts          Ice            0%           71%         3
 Gell's Gravitas          Tloc           0%           71%         3
 Mephitic Cloud           Conj/Pois/Air  0%           71%         3
 Ozocubu's Armour         Ice            0%           71%         3
 Hailstorm                Conj/Ice       0%           98%         4
 Petrify                  Tmut/Erth      0%           98%         4
 Summon Ice Beast         Ice/Summ       0%           98%         4
 Metabolic Englaciation   Hex/Ice        0%           100%        5
 Yara's Violent Unravell  Hex/Tmut       0%           100%        5


Dungeon Overview and Level Annotations

Branches:
Dungeon (7/15)             Temple (0/1) D:4

Altars:
Ashenzari
Cheibriados
Hepliaklqana
Nemelex Xobeh
Okawaru
Ru
Sif Muna
Trog
Yredelemnul

Shops:
D:4 *

Annotations:
D:5 2 transporters


Innate Abilities, Weirdness & Mutations

You are too large for most types of armour.
You have tough skin. (AC +1)


Message History

You are too injured to fight recklessly!
You are too injured to fight recklessly!
You are too injured to fight recklessly!
You hit the troll.
The troll is heavily wounded.
The troll misses you. The troll claws you but does no damage.
The troll claws you!
You whack the troll!
The troll is heavily wounded.
Okay, then.
You gain the combat prowess of a mighty hero.
The troll bites you!!
* * * LOW HITPOINT WARNING * * *
The troll claws you!
* * * LOW HITPOINT WARNING * * *
The troll closely misses you.
You whack the troll!
The troll is almost dead.
The troll closely misses you. The troll claws you!
You die...

#.#.# ..#.# ###.# #.#
#.# #######.#
#.......#
#.###########.#######
#...T@........#
#.#############


You could see a troll.

Vanquished Creatures
  Pikel (D:6)
  Grinder (D:5)
  Sigmund (D:4)
  Menkaure (D:6)
  An ice beast (D:6)
  An orc warrior (D:7)
  A sky beast (D:6)
  3 ogres
  A centaur (D:6)
  A lemure (D:6)
  A gnoll sergeant (D:6)
  2 bullfrogs
  5 scorpions
  10 wights
  3 howler monkeys (D:7)
  A bullfrog zombie (D:7)
  A hound (D:7)
  A jelly (D:5)
  11 orc wizards
  3 orc priests
  2 centaur skeletons
  4 bullfrog skeletons
  Ijyb (D:5)
  3 worker ants
  14 adders
  3 gnolls (D:6)
  A shadow imp (D:5)
  2 white imps
  2 ufetubi
  An ooze (D:5)
  An adder zombie (D:5)
  3 worms
  4 dart slugs
  5 leopard geckos
  30 orcs
  3 ball pythons
  13 giant cockroaches
  10 goblins
  7 hobgoblins
  5 jackals
  2 quokkas
  16 bats
  7 frilled lizards
  A kobold (D:2)
  2 leopard gecko skeletons
  A quokka skeleton (D:4)
  6 rats
199 creatures vanquished.

Notes
Turn   | Place    | Note
-------+----------+-------------------------------------------
     0 | D:1      | Gadfly the Ogre Monk began the quest for the Orb.
     0 | D:1      | Reached XP level 1. HP: 24/24 MP: 1/1
   202 | D:1      | Reached XP level 2. HP: 16/32 MP: 2/2
   658 | D:1      | Reached skill level 3 in Maces & Flails
   675 | D:1      | Reached skill level 1 in Invocations
   680 | D:1      | Reached XP level 3. HP: 31/39 MP: 3/3
  1070 | D:2      | Reached skill level 1 in Throwing
  1149 | D:2      | Found a sacrificial altar of Ru.
  1199 | D:2      | Reached skill level 1 in Armour
  1458 | D:2      | Found a broken altar of Ashenzari.
  1461 | D:2      | Reached XP level 4. HP: 48/48 MP: 5/5
  2500 | D:3      | Reached skill level 1 in Evocations
  2738 | D:3      | Found a snail-covered altar of Cheibriados.
  2942 | D:3      | Reached XP level 5. HP: 52/54 MP: 6/6
  3164 | D:3      | Reached skill level 4 in Maces & Flails
  3385 | D:3      | Found an iron altar of Okawaru.
  3698 | D:4      | Reached XP level 6. HP: 53/62 MP: 7/7
  3938 | D:3      | Became a worshipper of Warmaster Okawaru
  3938 | D:3      | Reached * piety under Okawaru
  3938 | D:3      | Reached ** piety under Okawaru
  4699 | D:4      | Reached XP level 7. HP: 47/70 MP: 8/8
  4845 | D:4      | Identified the +8 whip of Kasyzet {holy, rF- Str+2 Dex+3}
  5273 | D:4      | Noticed Sigmund
  5647 | D:4      | Killed Sigmund
  5648 | D:4      | Reached skill level 5 in Maces & Flails
  5773 | D:4      | Found a staircase to the Ecumenical Temple.
  5797 | D:4      | Found Idutaadd's General Store.
  5806 | D:4      | Bought a scroll of summoning for 133 gold pieces
  5806 | D:4      | Bought a scroll of identify for 28 gold pieces
  5972 | D:5      | Entered Level 5 of the Dungeon
  5972 | D:5      | Noticed Grinder
  5980 | D:5      | Killed Grinder
  5981 | D:5      | Reached XP level 8. HP: 75/78 MP: 10/10
  5998 | D:5      | Noticed a polar bear
  6003 | D:5      | Found a hazy altar of Hepliaklqana.
  6007 | D:5      | Noticed a komodo dragon
  6007 | D:5      | a polar bear changed into a komodo dragon
  6025 | D:5      | Noticed a queen bee
  6025 | D:5      | a komodo dragon changed into a queen bee
  6053 | D:5      | Noticed a shapeshifter
  6053 | D:5      | a queen bee changed into a shapeshifter
  6054 | D:5      | Noticed a fire crab
  6054 | D:5      | a shapeshifter changed into a fire crab
  6061 | D:5      | Noticed a wind drake
  6061 | D:5      | a fire crab changed into a wind drake
  6066 | D:5      | Noticed a salamander
  6066 | D:5      | a wind drake changed into a salamander
  6081 | D:5      | Found a transporter.
  6081 | D:5      | Noticed a spriggan
  6081 | D:5      | a salamander changed into a spriggan
  6103 | D:5      | Reached *** piety under Okawaru
  6285 | D:5      | Found a broken altar of Ashenzari.
  6367 | D:5      | Noticed Ijyb
  6404 | D:5      | Killed Ijyb
  6405 | D:5      | Reached skill level 6 in Maces & Flails
  6455 | D:5      | Noticed a wolf spider
  6499 | D:5      | Noticed a slime creature
  6499 | D:5      | a wolf spider changed into a slime creature
  6515 | D:5      | Noticed a boulder beetle
  6515 | D:5      | a slime creature changed into a boulder beetle
  6545 | D:5      | Noticed an entropy weaver
  6545 | D:5      | a boulder beetle changed into an entropy weaver
  6548 | D:5      | Noticed a great orb of eyes
  6548 | D:5      | an entropy weaver changed into a great orb of eyes
  6556 | D:5      | Found a transporter.
  6563 | D:5      | Noticed an azure jelly
  6563 | D:5      | a great orb of eyes changed into an azure jelly
  6719 | D:4      | Bought a scroll of remove curse for 42 gold pieces
  6908 | D:5      | Noticed a quicksilver dragon
  7042 | D:5      | Noticed an alligator snapping turtle
  7213 | D:6      | Noticed Pikel
  7227 | D:6      | Killed Pikel
  7227 | D:6      | Reached **** piety under Okawaru
  7227 | D:6      | Received a gift from Okawaru
  7228 | D:6      | Reached skill level 5 in Throwing
  7228 | D:6      | Reached XP level 9. HP: 61/84 MP: 10/12
  7369 | D:6      | Reached skill level 7 in Maces & Flails
  7395 | D:6      | Noticed Menkaure
  7403 | D:6      | Killed Menkaure
  8396 | D:6      | Reached ***** piety under Okawaru
  8397 | D:6      | Reached skill level 8 in Maces & Flails
  8575 | D:6      | Found a sparkling altar of Nemelex Xobeh.
  8916 | D:7      | Reached skill level 5 in Invocations
  9285 | D:7      | Found a basalt altar of Yredelemnul.
  9325 | D:7      | Reached XP level 10. HP: 89/94 MP: 13/13
  9382 | D:7      | Found a bloodstained altar of Trog.
  9608 | D:7      | Found a shimmering blue altar of Sif Muna.
  9611 | D:7      | Identified Sif Muna's Reference Book on Shape Shifting and
                  | Displacement
 10057 | D:7      | Mangled by a troll

Illustrated notes

Levels and vault maps discovered:
D:1:      lemuel_arrival_broad_hall, layout_basic
D:2:      layout_basic, nicolae_ashenzari_panopticon, nicolae_ru_path_of_blood
D:3:      layout_basic, kennysheep_slug_shrine, okawaru_gym_becter
D:4:      layout_loops_ring, minmay_temple_entry_grid, serial_shops, shop,
          uniq_sigmund
D:5:      layout_cave_pools, gammafunk_temple_overflow_arena, basic_altar,
          dk_noncrumbling_2, kennysheep_generic_room_3, uniq_ijyb, uniq_grinder
D:6:      layout_loops_ring, nicolae_overflow_hidden_temple, uniq_pikel,
          uniq_menkaure
D:7:      layout_loops_ring, fedhas_altar_4, grunt_gozag_statues,
          kennysheep_mini_moat, nzn_overflow_gifts_of_might_and_magic,
          uniq_maggie

Skill      XL: |  1  2  3  4  5  6  7  8  9 |
---------------+----------------------------+-----
Maces & Flails | 3 4 5 6 8 |  8.2
Invocations    | 1 2 3 4 5 |  5.3
Throwing       | 1 2 4 5 6 |  6.2
Armour         | 1 2 3 4 |  4.4
Evocations     | 1 2 3 4 |  4.2
Fighting       | |  4.6
Dodging        | |  2.6
Stealth        | |  1.4

Action                   |  1- 3 |  4- 6 |  7- 9 | 10-12 || total
-------------------------+-------+-------+-------+-------++-------
Melee: Mace              |   148 |    80 |       |       ||   228
       Flail             |       |   124 |    11 |    26 ||   161
       Hand axe          |       |    17 |       |       ||    17
       Whip              |       |       |   268 |    18 ||   286
       Unarmed           |       |       |    27 |       ||    27
       Morningstar       |       |       |    14 |       ||    14
Throw: Stone             |    17 |       |       |       ||    17
       Boomerang         |     3 |    30 |    22 |    10 ||    65
Invok: Heroism           |       |       |       |     1 ||     1
Evoke: Wand              |       |     1 |     4 |       ||     5
  Use: Scroll            |     2 |     3 |     9 |     2 ||    16
       Potion            |       |     2 |     2 |       ||     4
 Stab: Sleeping          |       |       |     3 |       ||     3
Armor: Robe              |    89 |   122 |    39 |     2 ||   252
       Skin              |       |       |     7 |       ||     7
Dodge: Dodged            |   134 |   162 |   102 |    21 ||   419
